AoeStats
← bombeater3

African Clearing

510643238Analyzed
4v4 RM · 16h ago on Oct 1, 2026· 43m 7s· 8 players
Game mode
Random Map
Map size
Large (8 player)
Population
200
Speed
Normal
Resources
Standard
Victory
Conquest
Starting age
Dark Age
Ending age
Imperial Age
RankedLock teamsTeams togetherTeam positionsShared explorationLock speedFull tech treeHidden civsTurbo modeCheats
Victory
Defeat
🇺🇸 Tupi · United States
1065
+15
🇪🇸 Mongols · Spain
1059
+16
🇮🇳 Vietnamese · India
1019
+17
🇨🇳 Franks · China
950
+20
🇨🇴 Muisca · Colombia
1097
-19
🇺🇸 Aztecs · United States
1089
-19
🇺🇸 Saxons · United States
1026
-16
🇬🇧 Danes · United Kingdom
981
-14
kiko1994
5:39 Loom
15:48 Feudal Age
20:42 Forging
20:48 Fletching
29:47 Castle Age
27:56 Gold Mining
27:52 Double-Bit Axe
27:49 Horse Collar
28:40 Stone Mining
30:37 Bloodlines
30:50 Husbandry
31:38 Iron Casting
31:09 Scale Barding Armor
35:49 Wheelbarrow
39:50 Bow Saw
39:42 Heavy Plow
41:49 Chain Barding Armor
nchan55
10:42 Loom
15:07 Feudal Age
19:42 Castle Age
19:01 Double-Bit Axe
20:24 Horse Collar
21:31 Fletching
21:42 Padded Archer Armor
22:48 Bodkin Arrow
26:37 Gold Mining
29:03 Wheelbarrow
32:49 Leather Archer Armor
36:54 Hand Cart
36:25 Town Watch
MonsterSmeat
4:17 Loom
14:01 Feudal Age
16:18 Forging
17:21 Scale Mail Armor
17:17 Champi Runner
26:33 Castle Age
24:55 Arson
26:12 Double-Bit Axe
26:13 Horse Collar
26:25 Fletching
26:35 Padded Archer Armor
26:49 Champi Warrior
27:35 Elite Skirmisher
30:53 Chain Mail Armor
31:01 Squires
41:46 Bodkin Arrow
lynavy
5:07 Loom
17:10 Feudal Age
20:18 Forging
20:14 Scale Barding Armor
20:34 Double-Bit Axe
20:42 Gold Mining
26:56 Castle Age
25:26 Stone Mining
27:48 Wheelbarrow
28:53 Husbandry
29:31 Iron Casting
29:48 Chain Barding Armor
34:15 Hand Cart
Gogs987
13:02 Feudal Age
14:13 Arson
13:49 Man-at-Arms
14:20 Loom
15:42 Town Watch
16:01 Double-Bit Axe
16:35 Horse Collar
23:54 Castle Age
23:15 Fletching
23:49 Scale Mail Armor
23:59 Forging
25:54 Squires
25:40 Gambesons
25:16 Long Swordsman
29:35 Heavy Plow
30:18 Bodkin Arrow
32:36 Town Patrol
34:33 Wheelbarrow
35:12 Pikeman
41:57 Imperial Age
41:12 Hand Cart
bombeater3
6:36 Loom
14:32 Feudal Age
18:56 Castle Age
16:44 Double-Bit Axe
26:45 Fletching
27:17 Horse Collar
31:49 Bodkin Arrow
34:48 Wheelbarrow
34:42 Padded Archer Armor
42:19 Scale Mail Armor
42:29 Forging
PuneMahaWarrior
10:40 Loom
13:06 Feudal Age
14:04 Double-Bit Axe
16:39 Fletching
17:50 Town Watch
25:34 Castle Age
27:20 Bodkin Arrow
26:49 Crossbowman
31:21 Redemption
CC182
7:22 Loom
12:48 Loom
22:55 Feudal Age
23:34 Town Watch
23:39 Double-Bit Axe
23:37 Horse Collar
26:47 Castle Age
25:27 Scale Mail Armor
26:24 Forging
Connection lost

Rejoining the realm…

Still unreachable

The connection could not be restored.

Session expired

The server has moved on; the page needs a fresh start.